Map: Ephemeron LE

Players

Handsome

  • Race: Zerg Zerg
  • League: Diamond
  • Spawn Location: 5:00

ViBE - Winner!

  • Race: Protoss Protoss
  • League: Diamond
  • Spawn Location: 11:00

VOD

Have the link to the VOD?

Description

Time

  • Played on: Dec. 13, 2019, 10:44 p.m.
  • Length: 18:21
Show
View Real Time Build Order
Export as new Build Order

Handsome Zerg 

Build Orders: Pool First, Muta Ling Bane 

Get SALT Encoding   

  13  0:18  Spawning Pool  
  11  0:22  Drone  
  11  0:26  Drone  
  13  0:31  Drone  
  14  0:40  Overlord  
  14  1:06  Zergling x2  
  14  1:07  Zergling x2, Queen  
  14  1:08  Zergling x2  
  19  1:17  Zergling x2  
  20  1:28  Zergling x2  
  21  1:39  Hatchery  
  20  1:42  Overlord  
  20  1:50  Zergling x2  
  21  2:05  Zergling x2  
  22  2:13  Zergling x2  
  23  2:22  Zergling x4  
  24  2:23  Zergling x2  
  24  2:31  Zergling x2  
  25  2:41  Zergling x2  
  26  2:48  Drone x2  
  26  2:49  Drone  
  28  2:54  Overlord  
  28  2:55  Queen  
  28  2:57  Drone  
  31  3:02  Overlord  
  31  3:08  Overlord  
  31  3:13  Drone  
  31  3:16  Drone  
  33  3:23  Extractor x2  
  33  3:25  Drone x2  
  33  3:28  Drone  
  33  3:31  Drone  
  35  3:36  Drone  
  35  3:37  Drone  
  37  3:43  Drone  
  37  3:45  Drone  
  39  3:52  Drone  
  39  3:54  Drone  
  39  3:55  Drone  
  42  4:03  Drone x2  
  42  4:07  Drone x2  
  46  4:11  Drone x2  
  48  4:18  Lair  
  48  4:25  Overlord  
  48  4:26  Drone  
  48  4:27  Drone  
  48  4:30  Drone  
  48  4:31  Drone  
  52  4:46  Drone x5  
  52  4:49  Extractor  
  52  4:50  Extractor  
  55  5:02  Hatchery  
  55  5:03  Overlord  
  54  5:20  Spire  
  53  5:24  Drone x10  
  63  5:39  Queen  
  63  5:40  Overlord x2  
  65  5:53  Extractor  
  64  5:58  Extractor  
  64  6:01  Overlord  
  63  6:26  Roach Warren, Overlord  
  63  6:31  Mutalisk  
  63  6:32  Mutalisk x4  
  72  6:36  Zerg Flyer Weapons Level 1  
  72  6:39  Drone x2  
  74  6:41  Drone x9  
  83  6:56  Evolution Chamber  
  83  6:57  Metabolic Boost  
  83  6:59  Zergling x16  
  83  7:00  Hatchery  
  90  7:06  Queen  
  90  7:07  Overlord x2  
  92  7:10  Drone  
  93  7:28  Mutalisk x4  
  99  7:43  Zerg Melee Weapons Level 1  
  97  7:55  Zergling x2  
  97  7:56  Zergling x20  
  108  8:03  Drone x4  
  112  8:11  Mutalisk x2  
  112  8:12  Hydralisk Den  
  115  8:18  Extractor  
  114  8:21  Extractor  
  113  8:28  Baneling Nest  
  112  8:38  Zergling x12  
  112  8:39  Zergling x18  
  125  8:47  Drone x2  
  127  8:58  Grooved Spines  
  127  8:59  Overlord x3  
  127  9:04  Overlord x2  
  127  9:22  Evolution Chamber, Centrifical Hooks  
  127  9:23  Infestation Pit  
  125  9:26  Hydralisk x10  
  145  9:52  Hydralisk x8  
  151  10:03  Hatchery  
  150  10:07  Hydralisk x5  
  150  10:10  Muscular Augments  
  160  10:14  Zerg Missile Weapons Level 1  
  160  10:15  Hatchery, Overlord  
  160  10:16  Overlord x4  
  159  10:28  Drone x8  
  161  10:30  Overlord x2  
  167  10:45  Mutalisk x5  
  177  11:09  Hydralisk x7  
  127  11:33  Hydralisk x4  
  127  11:34  Hydralisk x4  
  117  11:41  Zergling x10  
  117  11:42  Zergling x14  
  113  12:00  Drone x7  
  120  12:11  Extractor  
  120  12:13  Hydralisk x2  
  120  12:14  Hydralisk x9  
  120  12:15  Extractor  
  115  12:40  Zergling x28  
  103  12:57  Extractor  
  103  12:58  Zergling x26  
  102  12:59  Extractor  
  100  13:23  Drone  
  100  13:24  Drone  
  100  13:25  Drone x2, Overlord x2  
  100  13:26  Overlord x2  
  104  13:29  Hive  
  104  13:30  Zerg Melee Weapons Level 2  
  104  13:31  Zerg Missile Weapons Level 2  
  104  13:32  Hydralisk x2  
  104  13:33  Hydralisk x8  
  124  13:35  Hatchery  
  124  13:36  Zergling x2  
  124  13:49  Hydralisk x3  
  124  13:50  Hydralisk  
  132  14:02  Queen  
  134  14:07  Drone x4  
  134  14:08  Drone x5  
  143  14:31  Extractor  
  143  14:33  Spine Crawler, Drone x3  
  143  14:34  Extractor  
  106  14:56  Zergling x28  
  106  14:58  Corruptor x3  
  96  15:11  Zergling x6  
  99  15:21  Baneling x17  
  99  15:22  Baneling x3  
  99  15:35  Greater Spire  
  99  15:39  Drone x3  
  99  15:40  Drone x3  
  99  15:41  Drone x12  
  99  15:42  Drone  
  111  16:06  Corruptor x5  
  111  16:07  Corruptor  
  116  16:15  Baneling x4  
  116  16:16  Baneling  
  103  16:38  Lair  
  92  16:44  Spire  
  92  16:46  Drone x3  
  92  16:47  Hydralisk Den  
  93  16:49  Brood Lord x4  
  93  16:52  Brood Lord  
  103  16:58  Brood Lord  
Show
View Real Time Build Order
Export as new Build Order

ViBE Protoss - Winner!

Build Orders:  

Get SALT Encoding   

  12  0:01  Probe  
  13  0:13  Probe  
  14  0:22  Pylon  
  14  0:25  Probe  
  15  0:42  Gateway  
  15  0:44  Probe (Chrono Boost)  
  15  0:47  Assimilator  
  16  0:55  Probe (Chrono Boost)  
  17  1:06  Probe  
  18  1:24  Gateway  
  18  1:28  Zealot (Chrono Boost)  
  20  1:33  Cybernetics Core  
  20  1:39  Probe  
  21  1:41  Assimilator  
  21  1:45  Pylon  
  21  1:49  Zealot  
  23  2:03  Probe  
  24  2:14  Stalker  
  26  2:15  Probe  
  26  2:16  Stalker  
  29  2:27  Probe  
  30  2:36  Pylon  
  30  2:40  Probe  
  31  2:54  Probe  
  31  2:57  Warp Gate  
  31  2:58  Nexus  
  32  2:59  Sentry  
  34  3:06  Probe (Chrono Boost)  
  34  3:11  Pylon  
  35  3:15  Probe (Chrono Boost)  
  36  3:20  Probe (Chrono Boost)  
  37  3:32  Probe (Chrono Boost), Stalker  
  40  3:38  Probe (Chrono Boost)  
  40  3:39  Stalker  
  43  3:46  Probe  
  44  3:58  Probe  
  44  4:01  Pylon  
  45  4:10  Probe  
  45  4:13  Probe  
  47  4:23  Probe  
  48  4:25  Probe  
  48  4:29  Shield Battery  
  49  4:35  Probe  
  49  4:38  Probe  
  51  4:44  Pylon  
  51  4:45  Assimilator  
  51  4:47  Probe  
  51  4:48  Assimilator, Stalker x2  
  51  4:50  Probe  
  57  4:59  Probe  
  58  5:02  Probe  
  59  5:10  Robotics Facility  
  59  5:11  Probe  
  59  5:13  Nexus  
  60  5:14  Probe, Pylon  
  61  5:23  Probe  
  61  5:26  Probe  
  63  5:32  Pylon  
  63  5:35  Probe, Pylon  
  64  5:38  Probe  
  64  5:39  Stalker x2  
  69  5:44  Forge  
  69  5:47  Twilight Council  
  69  5:50  Probe x2  
  71  5:59  Gateway x2  
  71  6:02  Probe x2, Observer  
  74  6:14  Probe x2  
  74  6:16  Gateway  
  74  6:17  Gateway  
  76  6:22  Protoss Shields Level 1 (Chrono Boost)  
  76  6:23  Forge  
  76  6:24  Blink  
  76  6:30  Probe x3  
  79  6:33  Observer  
  79  6:36  Stalker x2  
  84  6:41  Pylon  
  84  6:43  Pylon  
  84  6:45  Probe x3  
  87  6:53  Protoss Ground Weapons Level 1 (Chrono Boost)  
  87  7:02  Observer  
  87  7:05  Probe x3  
  87  7:07  Pylon  
  91  7:09  Pylon  
  91  7:11  Pylon  
  91  7:14  Assimilator  
  91  7:15  Assimilator  
  91  7:17  Probe x3  
  91  7:22  Stalker x3  
  98  7:23  Immortal  
  98  7:25  Stalker  
  98  7:28  Stalker  
  108  7:33  Stalker  
  110  7:44  Photon Cannon  
  110  7:45  Probe x3  
  110  7:47  Photon Cannon  
  110  7:48  Photon Cannon  
  110  7:50  Shield Battery  
  113  7:51  Shield Battery  
  113  7:53  Shield Battery  
  113  7:57  Photon Cannon  
  113  7:59  Photon Cannon  
  113  8:02  Shield Battery  
  113  8:13  Protoss Shields Level 2 (Chrono Boost)  
  113  8:14  Templar Archives  
  113  8:19  Gateway  
  113  8:20  Gateway  
  113  8:25  Charge  
  111  8:37  Protoss Ground Weapons Level 2 (Chrono Boost)  
  111  8:40  Stalker x4  
  111  8:41  Stalker x2  
  123  8:42  Immortal  
  127  9:09  Nexus  
  127  9:10  Probe, Pylon  
  127  9:11  Probe x2  
  127  9:14  Pylon  
  130  9:17  High Templar x3  
  130  9:18  High Templar x3  
  130  9:20  Stalker  
  130  9:21  Archon  
  130  9:22  Archon x2  
  144  9:25  Immortal  
  148  9:35  Photon Cannon  
  148  9:39  Photon Cannon, Assimilator  
  148  9:42  Photon Cannon  
  148  9:43  Assimilator  
  148  9:45  Photon Cannon  
  148  9:48  Shield Battery  
  148  9:51  Probe x3, Shield Battery  
  151  10:05  Stalker x4  
  159  10:23  Gateway  
  159  10:29  Gateway  
  159  10:32  Probe, Gateway  
  159  10:33  Probe x3  
  159  10:35  Gateway  
  163  10:36  Protoss Shields Level 3 (Chrono Boost), Gateway  
  163  10:38  Gateway  
  163  10:44  Protoss Ground Weapons Level 3 (Chrono Boost)  
  163  10:50  High Templar x4  
  163  10:52  Zealot x3  
  163  10:54  Observer  
  178  11:08  Stargate  
  178  11:14  Stalker x3  
  184  11:20  Archon  
  184  11:21  Archon  
  166  11:26  Probe  
  166  11:27  Probe x3  
  134  11:36  Nexus  
  134  11:38  Pylon  
  116  11:41  Pylon  
  116  11:42  Zealot  
  116  11:43  Zealot x3  
  116  11:44  Zealot x5  
  116  11:45  Zealot x3  
  138  11:53  Observer  
  139  12:03  Photon Cannon  
  139  12:05  Photon Cannon  
  139  12:08  Photon Cannon  
  139  12:11  Photon Cannon  
  139  12:13  Photon Cannon  
  139  12:16  Photon Cannon  
  139  12:17  High Templar x3, Shield Battery  
  139  12:18  High Templar x5  
  139  12:19  High Templar  
  139  12:20  High Templar, Shield Battery  
  139  12:21  High Templar  
  139  12:22  Assimilator  
  161  12:25  Archon x5  
  161  12:26  Assimilator  
  133  12:57  High Templar x3  
  133  12:58  High Templar x2  
  125  12:59  High Templar  
  125  13:00  Zealot x6  
  133  13:05  Archon  
  133  13:06  Archon x2  
  133  13:10  Immortal  
  137  13:18  Protoss Ground Armor Level 1 (Chrono Boost)  
  137  13:22  Protoss Air Weapons Level 1  
  137  13:23  Zealot  
  137  13:24  Zealot x4  
  137  13:25  Zealot  
  149  13:31  Pylon  
  149  13:34  Gateway  
  149  13:35  Gateway  
  149  13:37  Gateway  
  149  13:40  Gateway  
  149  13:47  Fleet Beacon  
  149  13:49  Immortal, Robotics Facility  
  149  13:51  Stargate  
  149  13:55  High Templar, Stargate  
  153  13:56  High Templar  
  153  13:58  Zealot x3  
  153  13:59  Zealot x4  
  153  14:00  Zealot  
  153  14:01  Zealot x2  
  177  14:25  High Templar  
  177  14:26  Zealot  
  177  14:27  Zealot x4  
  177  14:28  Zealot x3  
  177  14:29  Observer  
  177  14:30  Archon  
  177  14:31  Archon  
  190  14:50  High Templar x4, Nexus, Observer  
  190  14:51  High Templar x2, Pylon  
  190  14:52  High Templar x2  
  197  14:53  Zealot x2  
  197  14:54  Pylon  
  195  15:11  Archon x4, Observer  
  196  15:19  Photon Cannon  
  196  15:22  Photon Cannon  
  196  15:25  Photon Cannon  
  196  15:30  Photon Cannon  
  196  15:31  Photon Cannon  
  196  15:33  Shield Battery  
  196  15:38  Shield Battery  
  196  15:39  Photon Cannon  
  196  15:43  Photon Cannon  
  196  15:47  Assimilator  
  196  15:48  Zealot  
  196  15:49  Zealot  
  200  15:53  Assimilator  
  200  15:54  Protoss Ground Armor Level 2 (Chrono Boost)  
  200  16:16  Gateway  
  200  16:17  Gateway  
  200  16:19  Gateway  
  200  16:22  Gateway  
  200  16:24  Gateway  
  200  16:29  Gateway  
  200  16:31  Gateway  
  198  16:34  Gateway  
  198  16:36  Gateway  
  198  16:39  Gateway  
  198  16:41  Gateway  
  198  16:44  Gateway  
  194  17:31  Zealot  
Tags
 
Add a new tag
Caveats
  • Supply blocks, unpowered buildings, or Contaminate may cause inaccurate times.
  • Supply counts are checked every 10 seconds.